 Dungeon Crawl Stone Soup version 0.31-a0-236-g9a0961fb85 (webtiles) character file.

Game seed: 11051729564766955456

20 qw the Shooter (level 2, 0/17 HPs)
             Began as a Gargoyle Hexslinger on July 10, 2023.
             Slain by a goblin
             ... wielding a +0 dagger
             ... led by Robin
              (5 damage)
             ... on level 2 of the Dungeon.
             The game lasted 00:00:17 (518 turns).

qw the Shooter (Gargoyle Hexslinger)                 Turns: 518, Time: 00:00:18

Health: 0/17       AC:  8    Str: 11    XL:     2   Next: 79%
Magic:  3/3        EV: 10    Int: 13    God:
Gold:   70         SH:  0    Dex: 12    Spells: 2/3 levels left

rFire   . . .        Y - +1 sling
rCold   . . .        (no shield)
rNeg    + . .        g - +0 ring mail
rPois   inf          f - +0 helmet
rElec   +            (no cloak)
rCorr   .            (no gloves)
SInv    .            (no boots)
Will    .....        (no amulet)
Stlth   +            (no ring)
HPRegen 0.22/turn    (no ring)
MPRegen 0.08/turn

%: no passive effects
@: no status effects
A: sickness immunity, AC +2, negative energy resistance 1, electricity
resistance, torment resistance 1, petrification resistance
a: no special abilities


You were on level 2 of the Dungeon.
You visited 1 branch of the dungeon, and saw 2 of its levels.

You collected 70 gold pieces.


Innate Abilities, Weirdness & Mutations

You are immune to sickness and miasma.
Your stone body is resilient. (AC +2)
You are immune to poison.
You resist negative energy. (rN+)
You are resistant to electric shocks. (rElec)
You are resistant to unholy torment.
You are immune to petrification.


   Skills:
 + Level 1.7 Fighting
 - Level 3.0 Ranged Weapons
 - Level 1.5 Dodging
 - Level 1.0 Spellcasting
 - Level 2.6 Hexes


You had 2 spell levels left.
You knew the following spells:

 Your Spells              Type           Power      Damage    Failure   Level
a - Slow                  Hex            28%        N/A       22%         1

Your spell library contained the following spells:

 Spells                   Type           Power      Damage    Failure   Level
 Inner Flame              Hex/Fire       4%         N/A       75%         3
 Portal Projectile        Hex/Tloc       8%         N/A       75%         3
 Cause Fear               Hex            3%         N/A       92%         4

Inventory:

Hand Weapons
 Y - a +1 sling (weapon)
Armour
 f - a +0 helmet (worn)
 g - a +0 ring mail (worn)
Scrolls
 a - a scroll of teleportation {unknown}
Potions
 e - a potion of heal wounds {unknown}

Dungeon Overview and Level Annotations

Branches:
Dungeon (2/15)

Altars:

Annotations:
D:2 Robin


Message History

Robin is lightly wounded.
The kobold hits you but does no damage.
Robin hits you with a +4 dagger of venom.
A hobgoblin comes into view.
You shoot a sling bullet.
The sling bullet hits Robin but does no damage.
Robin is lightly wounded.
The kobold hits you with a +0 club. Robin hits you but does no damage.
A goblin comes into view. It is wielding a +0 dagger.
The kobold hits you but does no damage. Robin throws the goblin at you!
You shoot a sling bullet. The goblin shouts!
The sling bullet hits Robin.
Robin is moderately wounded.
The goblin hits you but does no damage. The kobold hits you but does no damage.
Robin roars a battlecry!
The goblin goes into a battle-frenzy!
You shoot a sling bullet. The sling bullet closely misses Robin.
The sling bullet barely misses the goblin.
The sling bullet hits the goblin.
The goblin is moderately wounded.
The kobold misses you. The goblin misses you.
The goblin hits you but does no damage. Robin hits you but does no damage.
The goblin closely misses you. The kobold hits you but does no damage.
You shoot a sling bullet. The sling bullet barely misses Robin.
The sling bullet hits the goblin.
You kill the goblin!
The goblin hits you but does no damage. The goblin barely misses you.
The kobold barely misses you.
You shoot a sling bullet.
The sling bullet completely misses Robin.
The sling bullet closely misses the hobgoblin.
The sling bullet closely misses the goblin.
The goblin barely misses you. The kobold closely misses you.
The goblin hits you but does no damage. The kobold barely misses you.
The goblin hits you with a +0 dagger.
You shoot a sling bullet. The sling bullet barely misses Robin.
The sling bullet hits the hobgoblin but does no damage.
The goblin hits you with a +0 dagger.
You die...

### .>. .. ##.###
#.. .# #~#.##.# #
#~#....# #.
#~#.#g##### #..
#.#.#g@Kb.#
#..###.#.#.g#.....#
#........#.g# ###..
#........##g#
#[........#.#
##........#.)
#........##.
+.........#.
#......##.#


You could see Robin, a hobgoblin (strong), 3 goblins, a bat and a kobold.

Vanquished Creatures
  A ball python (D:1)
  3 endoplasms
  3 goblins (D:2)
  A hobgoblin (D:2)
  A quokka (D:1)
  2 bats
  3 frilled lizards (D:1)
  A kobold (D:1)
  4 rats (D:1)
19 creatures vanquished.

Notes
Turn   | Place    | Note
-------+----------+-------------------------------------------
     0 | D:1      | qw the Gargoyle Hexslinger began the quest for the Orb.
     0 | D:1      | Reached XP level 1. HP: 12/12 MP: 2/2
     0 | D:1      | 0 ||| qw: Version: 0.3-a-52-g30416fa
     0 | D:1      | 0 ||| qw: Game counter: 4586
     0 | D:1      | 0 ||| qw: Melee chars always use a shield: true
     0 | D:1      | 0 ||| qw: God list: Okawaru
     0 | D:1      | 0 ||| qw: Allow faded altars: false
     0 | D:1      | 0 ||| qw: Do Orc after clearing Dungeon:15 true
     0 | D:1      | 0 ||| qw: Do second Lair branch before Depths: true
     0 | D:1      | 0 ||| qw: Lair rune preference: random
     0 | D:1      | 0 ||| qw: Goals: Normal
     0 | D:1      | 0 ||| PLANNING D:1-11
     6 | D:1      | Noticed a salamander
     6 | D:1      | Noticed a komodo dragon
     7 | D:1      | Noticed a black bear
     7 | D:1      | Noticed a swamp drake
   167 | D:1      | Found a faded altar of an unknown god.
   244 | D:1      | Reached XP level 2. HP: 16/16 MP: 3/3
   443 | D:1      | 443 ||| UPGRADING to +0 helmet.
   448 | D:1      | 448 ||| UPGRADING to +0 ring mail.
   458 | D:1      | 458 ||| DROPPING +0 robe.
   459 | D:1      | 459 ||| DROPPING ring of magical power.
   460 | D:1      | 460 ||| READING scroll labelled PUBEOQA IROCH.
   461 | D:1      | 461 ||| READING scroll labelled DAOSOC JIRYDUV.
   462 | D:1      | 462 ||| DROPPING scroll of poison.
   501 | D:2      | Reached skill level 3 in Ranged Weapons
   506 | D:2      | Noticed Robin
   518 | D:2      | Slain by a goblin

Levels and vault maps discovered:
D:1:      onia_arrival_zoo_common, layout_rooms,
          shapermc_ecumenical_altar_pompeii
D:2:      minmay_evil_eye, layout_basic, corexii_corridor_pit,
          minmay_misc_feat_rows, uniq_robin

Skill      XL: |  1  2 |
---------------+-------+-----
Ranged Weapons | 3 |  3.0
Fighting       | |  1.7
Dodging        | |  1.5
Spellcasting   | |  1.0
Hexes          | |  2.6

Action                     || total
---------------------------++-------
   Fire: Sling             ||    68
    Use: Scroll            ||     2
 Armour: Robe              ||     8
         Ring mail         ||    13
  Dodge: Dodged            ||    37

Table legend:
 A = Non-vault XP
 B = Vault XP
 C = Vault XP percentage of total XP
 D = Non-vault monster count
 E = Vault monster count
 F = Vault count percentage of total count
                 A         B        C        D         E       F
            +---------+---------+-------+---------+---------+-------
      Total |      19 |      10 |  34.5 |      14 |       5 |  26.3
            +---------+---------+-------+---------+---------+-------
        D:1 |      17 |       0 |   0.0 |      13 |       0 |   0.0
        D:2 |       2 |      10 |  83.3 |       1 |       5 |  83.3
            +---------+---------+-------+---------+---------+-------
